 Dungeon Crawl Stone Soup version 0.17.0-22-g5edae84 (webtiles) character file.

680734 timbw the Sensei (level 26, 141/142 HPs)
             Began as a Vine Stalker Fighter on Nov 11, 2015.
             Was a High Priest of Okawaru.
             Quit the game in Pandemonium on Nov 12, 2015.
             The game lasted 02:31:23 (21909 turns).

timbw the Sensei (Vine Stalker Fighter)            Turns: 21909, Time: 02:31:24

Health: 141/142    AC: 26    Str: 25    XL:     26   Next: 79%
Magic:  37/37      EV: 29    Int:  8    God:    Okawaru [*****.]
Gold:   3625       SH: 21    Dex: 35    Spells: 9 memorised, 12 levels left

rFire  x . .     SeeInvis .       - Unarmed
rCold  + + .     Clarity  .     i - +5 scale mail "Umohi" {*Contam rElec rPois Dex+3}
rNeg   . . .     SustAt   +     X - +6 shield of Vlad {Int+2 Dex+4}
rPois  +         Gourm    .     Y - +1 helmet {Int+3}
rElec  +         Spirit   +     e - +2 cloak {+Inv}
rCorr  .         Warding  .     E - +2 pair of gloves {Str+3}
rMut   .         Stasis   .     J - +0 pair of boots
MR     +++++                    m - amulet of regeneration
Stlth  +++.......               q - ring of sustain attributes
                                r - ring "Obilui" {rF+ rC+ MR+ Int-5 Dex+5}

@: repel missiles, almost entirely resistant to hostile enchantments, fairly
stealthy
A: fangs 3, thin skeletal structure 1, clumsy 1, cold resistance 1,
deterioration 2, magic resistance 1, regeneration 3, magic shield, antimagic
bite, no device heal 3, heat vulnerability 2, rot immunity
a: Heroism, Finesse, Renounce Religion, Evoke Invisibility
}: 8/15 runes: barnacled, slimy, silver, demonic, glowing, magical, fiery,
gossamer


You were in Pandemonium.
You worshipped Okawaru.
Okawaru was extremely pleased with you.
You were not hungry.

You visited 9 branches of the dungeon, and saw 50 of its levels.
You visited Pandemonium 1 time, and saw 44 of its levels.
You visited 1 ziggurat, and saw 8 of its levels.

You collected 4620 gold pieces.
You spent 995 gold pieces at shops.

Inventory:

Missiles
 G - 5 throwing nets (quivered)
Armour
 b - the +3 scale mail of the Hot Ocelot {rF+ Regen+ MP+9 Stlth-}
   (You found it in Pandemonium)

   It protects you from fire.
   It affects your magic capacity (+9).
   It increases your rate of regeneration.
   It makes you less stealthy.
 e - a +2 cloak of invisibility (worn)
 i - the +5 scale mail "Umohi" (worn) {*Contam rElec rPois Dex+3}
   (Okawaru gifted it to you on level 2 of the Depths)

   It affects your dexterity (+3).
   It insulates you from electricity.
   It protects you from poison.
   It causes magical contamination when unequipped.
 p - a +2 plate armour of cold resistance
 E - a +2 pair of gloves of strength (worn)
 J - a +0 pair of boots (worn)
 X - the +6 shield of Vlad (worn) {Int+2 Dex+4}
   (You found it in Pandemonium)

   It affects your intelligence (+2).
   It affects your dexterity (+4).
 Y - a +1 helmet of intelligence (worn)
Jewellery
 f - an uncursed ring of protection from fire
 m - an amulet of regeneration (around neck)
 q - a ring of sustain attributes (right hand)
 r - the ring "Obilui" (left hand) {rF+ rC+ MR+ Int-5 Dex+5}
   (You found it on level 8 of a ziggurat)

   [ring of dexterity]

   It affects your intelligence (-5).
   It affects your dexterity (+5).
   It protects you from fire.
   It protects you from cold.
   It affects your resistance to hostile enchantments.
 x - an uncursed ring of flight
 z - the ring of Qidyd {+Blink Dex-2}
   (You found it on level 6 of the Pits of Slime)

   [ring of dexterity]

   It affects your dexterity (-2).
   It lets you blink.
 F - the ring of Xynotokh {rElec Str+2 Dex+5}
   (You found it on level 6 of the Pits of Slime)

   [ring of dexterity]

   It affects your strength (+2).
   It affects your dexterity (+5).
   It insulates you from electricity.
 I - an uncursed amulet of resist mutation
 K - the ring "Suwkeck" {+/*Tele Int+4}
   (You found it on level 6 of the Pits of Slime)

   [ring of teleportation]

   It may teleport you to nearby monsters, and can be evoked to randomly
   teleport.
   It affects your intelligence (+4).
 P - an uncursed ring of positive energy
 Z - an uncursed ring of see invisible
Wands
 a - a wand of digging (9)
 t - a wand of invisibility (5)
 u - a wand of cold (4)
 S - a wand of digging (10)
 U - a wand of disintegration (8)
Scrolls
 j - 9 scrolls of remove curse
 k - 2 scrolls of enchant armour
 l - a scroll of magic mapping
 o - 3 scrolls of teleportation
 v - 2 scrolls of holy word
 y - a scroll of blinking
 D - 6 scrolls of fog
 H - 8 scrolls of recharging
 N - 2 scrolls of immolation
 Q - a scroll of identify
 W - 4 scrolls of fear
Potions
 c - a potion of resistance
 h - a potion of cure mutation
 n - 4 potions of haste
 w - a potion of flight
 B - 10 potions of curing
 C - 4 potions of agility
 R - 3 potions of berserk rage
 T - 2 potions of might
 V - a potion of magic
Books
 A - an Akashic Record

   Spells                             Type                      Level
   a - Dispersal                      Translocation                6
   b - Malign Gateway                 Summoning/Translocation      7
   c - Disjunction                    Translocation                8
   d - Controlled Blink               Translocation                8
Miscellaneous
 s - a phial of floods
 L - a fan of gales
Comestibles
 d - 6 bread rations
 g - 15 meat rations
 M - a beef jerky
 O - 4 royal jellies


   Skills:
 + Level 16.1 Fighting
 + Level 14.8 Armour
 + Level 15.1 Dodging
 - Level 5.6 Stealth
 - Level 11.0 Shields
 - Level 22.2 Unarmed Combat
 + Level 9.8 Spellcasting
 + Level 8.4 Hexes
 - Level 2.2 Charms
 + Level 9.7 Translocations
 - Level 4.6 Transmutations
 + Level 8.9 Air Magic
 - Level 4.3 Invocations
 * Level 12.7 Evocations


You had 12 spell levels left.
You knew the following spells:

 Your Spells              Type           Power        Failure   Level  Hunger
a - Blade Hands           Trmt           ##........   99%         5    ######.
b - Silence               Hex/Air        ###.......   38%         5    ######.
c - Deflect Missiles      Chrm/Air       ##........   100%        6    #######
d - Phase Shift           Tloc           ###.......   28%         5    ######.
e - Apportation           Tloc           ###.......   1%          1    None
f - Repel Missiles        Chrm/Air       ##....       10%         2    ##.....
g - Slow                  Hex            ###.....     2%          2    ##.....
h - Blink                 Tloc           N/A          1%          2    ##.....
i - Passage of Golubria   Tloc           N/A          12%         4    ####...


Dungeon Overview and Level Annotations

Branches:
Dungeon (15/15)            Temple (1/1) D:7            Lair (8/8) D:8
 Shoals (4/4) Lair:4       Spider (4/4) Lair:6        Slime (6/6) Lair:6
    Orc (4/4) D:9             Elf (0/3) Orc:4        Vaults (5/5) D:13
 Depths (3/5) D:15
  Crypt: Vaults:2-3

Altars:
Ashenzari
Cheibriados
Dithmenos
Elyvilon
Fedhas
Gozag
Kikubaaqudgha
Makhleb
Nemelex Xobeh
Okawaru
Ru
Sif Muna
Trog
Vehumet
Xom
Yredelemnul
Zin
The Shining One
Jiyva

Shops:
Orc:1 *   Orc:2 (   Orc:4 !(%}   Shoals:3 %   Shoals:4 (

Portals:
Hell: Depths:2
Pandemonium: Orc:4 Depths:3

Annotations:
D:7 exclusion: oklob sapling
Lair:8 exclusion: oklob plant
Vaults:4 exclusion: obsidian statue


Innate Abilities, Weirdness & Mutations

You have razor-sharp teeth.
You regenerate.
When hurt, damage is shared between your health and your magic reserves.
Your bite disrupts and absorbs the magic of your enemies.
Potions and wands cannot restore your health.
You are immune to rotting.
You have a somewhat thin skeletal structure (Dex +2, Stealth).
You are clumsy. (Dex -2)
Your flesh is cold resistant.
Your body often deteriorates upon taking damage.
You are resistant to hostile enchantments.
[You are very vulnerable to heat.]


Message History

You punch the shadow demon! You bite the shadow demon.
The shadow demon's magic leaks into the air.
You drain its magic.
You feel invigorated.
You kill the shadow demon!
Okawaru accepts your kill.
The Executioner dissolves into shadows!
The monstrous warmonger dissolves into shadows!
The reaper dissolves into shadows!
The putrid corrupter dissolves into shadows!
The putrid demonspawn dissolves into shadows! x2
Your surroundings suddenly seem different.
Found 9 gold pieces.
You open the door.
A reaper comes into view. It is wielding a scythe of venom.
Found 12 exploding sling bullets.
There is an open door here.
You are a level 26 Vine Stalker Fighter.
You are 79% of the way to level 27.
Play time: 02:31:21 (21909 turns) Are you sure you want to abandon this character and quit the game? (Confirm with "yes".)

##(....## ..
##.......# .2.
##........#####'##
#......... .......
#.......##.......
#......#........
#....##.......#
#..@'........+
##.##.......##
###.....$..#
#.......##
#.......#
##.....## +.....+
##...##


There were no monsters in sight!

Vanquished Creatures
  Cerebov (Pan)
  the royal jelly (Slime:6)
  Mnoleg (Pan)
  Lom Lobon (Pan)
  Mennas (Pan)
  10 pandemonium lords (Pan)
  A caustic shrike (Depths:2)
  A golden dragon (Vaults:5)
  Nikola (Shoals:2)
  2 tentacled monstrosities
  6 Brimstone Fiends (Pan)
  3 Ice Fiends (Pan)
  6 Hell Sentinels (Pan)
  2 liches
  5 titans (Vaults:5)
  4 Shadow Fiends (Pan)
  17 Executioners (Pan)
  12 acid blobs
  Polyphemus (Shoals:2)
  3 shadow dragons
  8 fire giants
  7 azure jellies
  6 tengu reavers
  5 storm dragons
  A daeva (Pan)
  A deep elf sorcerer (Vaults:5)
  An iron dragon (Vaults:3)
  6 chaos champions (Pan)
  Maud (D:13)
  15 vault wardens
  9 cacodemons (Pan)
  5 frost giants
  22 balrugs (Pan)
  A ghost moth (Spider:4)
  5 warmongers (Pan)
  5 emperor scorpions (Spider:4)
  15 reapers
  3 ghouls (Vaults:4)
  A spriggan defender (Depths:2)
  2 war gargoyles
  8 stone giants
  A juggernaut skeleton (Depths:1)
  4 very ugly things
  8 ironheart preservers
  2 deep elf demonologists (Vaults:5)
  4 blood saints (Pan)
  4 salamander stormcallers
  8 corrupters (Pan)
  Azrael (D:13)
  2 deep elf annihilators
  14 blizzard demons (Pan)
  6 lorocyprocas (Pan)
  3 black suns (Pan)
  37 vault guards
  Snorg (Lair:6)
  4 death oozes (Slime:6)
  11 green deaths (Pan)
  2 deep elf death magi
  2 merfolk javelineers
  2 merfolk impalers (Shoals:4)
  10 fire dragons
  2 entropy weavers
  8 yaktaur captains
  2 deep elf high priests (Vaults:5)
  4 ettins
  7 hell beasts (Pan)
  2 ghost crabs (Zig:8)
  6 great orbs of eyes
  A ghost crab (shapeshifter) (Vaults:5)
  5 hydras
  3 rakshasas
  4 catoblepae
  7 monstrous demonspawn (Pan)
  6 centaur warriors
  3 ice dragons
  3 merfolk aquamancers
  5 ogre magi
  4 deep troll shamans
  2 tengu warriors
  15 death yaks
  A deep troll earth mage (Vaults:5)
  7 orc high priests
  44 sun demons (Pan)
  A naga sharpshooter (Zig:4)
  5 shock serpents
  A shadow wraith (Vaults:1)
  A hell knight (Vaults:4)
  12 soul eaters (Pan)
  A death drake (Zig:8)
  A deep elf knight (Vaults:4)
  10 ice devils (Pan)
  A giant orange brain (Vaults:4)
  4 sea snakes
  2 spriggan druids
  11 deep trolls
  9 wizards
  A death drake (shapeshifter) (Vaults:5)
  4 iron trolls
  A swamp dragon (Zig:8)
  12 ironbrand convokers
  9 shadow demons (Pan)
  A hill giant (D:14)
  3 phantasmal warriors (Vaults:5)
  A deep elf summoner (Vaults:4)
  A giant orange brain (shapeshifter) (Zig:1)
  An unseen horror (Vaults:1)
  7 infernal demonspawn
  7 torturous demonspawn
  13 gelid demonspawn
  A naga ritualist (Zig:6)
  A lindwurm (Zig:3)
  11 orc knights
  2 mana vipers (Zig:6)
  4 cyclopes
  6 orb spiders
  28 ugly things
  7 griffons
  8 putrid demonspawn
  2 iron dragon zombies
  10 orc sorcerers
  5 necromancers
  13 wolf spiders
  4 hornets (Spider:4)
  An octopode (shapeshifter) (Vaults:1)
  A naga mage (Zig:6)
  2 moths of wrath (Spider:4)
  A harpy (Shoals:4)
  2 fauns (Shoals:3)
  7 black mambas
  20 sixfirhies
  3 shining eyes
  9 elephants
  5 rust devils
  A water nymph (Shoals:2)
  3 manticores
  An ice statue (Zig:8)
  2 sirens
  8 spiny frogs
  A torpor snail (shapeshifter) (Zig:1)
  14 vault sentinels
  A torpor snail (Spider:4)
  An eye of devastation (Slime:3)
  2 centaur zombies (D:15)
  4 guardian serpents
  31 smoke demons (Pan)
  21 orange demons
  A centaur skeleton (D:13)
  A small abomination (Vaults:1)
  30 yaktaurs
  9 hellwings
  7 hellions (Pan)
  A komodo dragon (shapeshifter) (Vaults:5)
  3 fire drakes
  5 tengu conjurers
  4 kobold demonologists
  9 komodo dragons
  4 efreet
  2 demonic crawlers
  A freezing wraith (Vaults:4)
  A jumping spider (shapeshifter) (Depths:3)
  3 deep elf priests
  18 tormentors (Pan)
  A polar bear (Lair:3)
  2 trolls
  10 merfolk
  5 blue devils (Pan)
  23 red devils (Pan)
  2 wind drakes
  9 two-headed ogres
  8 jumping spiders
  4 bog bodies (Zig:8)
  An ettin zombie (Depths:1)
  46 slime creatures
  A trapdoor spider zombie (D:14)
  8 blink frogs
  8 trapdoor spiders
  5 boulder beetles
  2 snapping turtles
  21 ynoxinuls (Pan)
  13 redbacks
  3 water elementals (Shoals:3)
  32 large abominations (Pan)
  3 wraiths
  2 fire elementals (D:13)
  2 vampires (Vaults:4)
  A fire giant simulacrum (Depths:1)
  6 deep elf fighters
  10 humans (Vaults:4)
  A redback (shapeshifter) (Vaults:5)
  10 tarantellas
  2 shadows
  2 hungry ghosts
  9 vampire mosquitoes
  4 wyverns
  43 yaks
  2 deep elf magi (Vaults:4)
  23 wolves
  11 chaos spawn (Pan)
  A naga (Zig:6)
  A yaktaur simulacrum (Vaults:2)
  3 basilisks
  5 wargs
  21 neqoxecs (Pan)
  12 water moccasins
  9 hippogriffs
  3 swamp drakes
  An ice beast (D:6)
  6 hell hounds
  2 black bears
  13 spiders
  2 wasps (Spider:4)
  11 porcupines
  5 necrophages
  39 orc warriors
  19 ogres
  An ice dragon simulacrum (Depths:1)
  A phantom (D:8)
  17 crocodiles
  8 centaurs
  3 brain worms (Pan)
  6 big kobolds
  15 giant frogs
  A wyvern skeleton (D:13)
  3 killer bees
  4 wights (D:10)
  3 scorpions
  3 electric eels
  5 hounds
  6 crimson imps
  An iron imp (Zig:7)
  21 orc wizards
  24 orc priests
  20 jellies
  4 iguanas
  22 sheep
  9 worker ants
  A hound skeleton (D:6)
  A worker ant zombie (D:5)
  3 adders
  51 river rats
  4 gnolls
  2 shadow imps
  A white imp (D:5)
  An ooze (D:5)
  A worm (D:6)
  A giant gecko (D:9)
  120 orcs
  A ball python (D:6)
  2 bats (D:2)
  5 giant cockroaches
  4 goblins
  2 hobgoblins
  A giant gecko skeleton (D:8)
  A giant newt (D:5)
  A goblin skeleton (D:5)
  2 goblin zombies (D:5)
  7 hobgoblin zombies (D:5)
  14 kobolds
  A kobold skeleton (D:5)
  A kobold zombie (D:5)
  An orc zombie (D:5)
  A crawling corpse (Vaults:1)
  A fungus (Lair:7)
  A plant (D:7)
1832 creatures vanquished.

Vanquished Creatures (others)
  An eldritch tentacle (Pan)
  A yaktaur captain (Vaults:4)
  A spriggan air mage (Pan)
  A shadow wraith (Vaults:5)
  A wizard (Pan)
  A mana viper (Zig:6)
  3 giant orange brains (Pan)
  A stone giant skeleton (Depths:1)
  A smoke demon (Pan)
  4 yaktaurs (Vaults:4)
  A chaos spawn (Pan)
  A vampire (Vaults:4)
  A naga (Zig:6)
  2 swamp drakes (Zig:8)
  An ogre (Vaults:1)
  A wasp (Zig:8)
  A crocodile (Zig:3)
  A worker ant (D:13)
  A kobold (D:10)
  126 eldritch tentacle segments (Pan)
  2 fire vortices
  2 plants
155 creatures vanquished.

Grand Total: 1987 creatures vanquished

Notes
Turn   | Place    | Note
--------------------------------------------------------------
     0 | D:1      | timbw the Vine Stalker Fighter began the quest for the Orb.
     0 | D:1      | Reached XP level 1. HP: 11/11 MP: 2/2
   123 | D:1      | Reached XP level 2. HP: 14/16 MP: 3/3
   160 | D:2      | Reached skill level 3 in Unarmed Combat
   201 | D:2      | Reached XP level 3. HP: 13/19 MP: 4/4
   211 | D:2      | Found a glowing silver altar of Zin.
   308 | D:4      | Reached skill level 4 in Unarmed Combat
   308 | D:4      | Reached XP level 4. HP: 15/23 MP: 3/5
   458 | D:4      | Noticed an ogre
   459 | D:4      | Found an opulent altar of Gozag.
   465 | D:4      | Killed an ogre
   465 | D:4      | Reached skill level 5 in Unarmed Combat
   465 | D:4      | Reached XP level 5. HP: 27/27 MP: 6/6
   534 | D:5      | Entered Level 5 of the Dungeon
   538 | D:5      | Reached skill level 6 in Unarmed Combat
   547 | D:5      | Found a glowing golden altar of the Shining One.
   553 | D:5      | Gained mutation: You heal very quickly. [Vine Stalker growth]
   553 | D:5      | Reached XP level 6. HP: 24/32 MP: 7/7
   769 | D:6      | Reached skill level 7 in Unarmed Combat
   816 | D:6      | Found an opulent altar of Gozag.
   863 | D:6      | Reached XP level 7. HP: 35/35 MP: 8/8
   949 | D:6      | Found a snail-covered altar of Cheibriados.
  1071 | D:7      | Found a shadowy altar of Dithmenos.
  1124 | D:7      | Reached skill level 8 in Unarmed Combat
  1157 | D:7      | Found a staircase to the Ecumenical Temple.
  1190 | D:7      | HP: 2/52 [poisoned by a killer bee]
  1195 | D:7      | HP: 1/52 [poisoned by a killer bee]
  1268 | Temple   | Entered the Ecumenical Temple
  1350 | Temple   | Became a worshipper of Warmaster Okawaru
  1418 | D:8      | Found a sacrificial altar of Ru.
  1471 | D:8      | Reached skill level 9 in Unarmed Combat
  1471 | D:8      | Gained mutation: You have razor-sharp teeth. [Vine Stalker growth]
  1471 | D:8      | Reached XP level 8. HP: 37/39 MP: 7/9
  1485 | D:8      | Found a staircase to the Lair.
  1705 | D:8      | Reached * piety under Okawaru
  1723 | D:7      | Reached skill level 10 in Unarmed Combat
  1798 | Lair:1   | Entered Level 1 of the Lair of Beasts
  1849 | Lair:1   | Reached skill level 11 in Unarmed Combat
  1849 | Lair:1   | Reached skill level 1 in Invocations
  1849 | Lair:1   | Reached XP level 9. HP: 43/43 MP: 7/10
  1861 | Lair:1   | Noticed a black mamba
  1878 | Lair:1   | Killed a black mamba
  1878 | Lair:1   | Reached ** piety under Okawaru
  1878 | Lair:1   | Reached skill level 1 in Dodging
  1887 | Lair:1   | Gained mutation: Your flesh is cold resistant. [potion of beneficial mutation]
  2058 | Lair:2   | Noticed a spiny frog
  2068 | Lair:2   | Killed a spiny frog
  2100 | Lair:3   | Noticed a spiny frog
  2106 | Lair:3   | Killed a spiny frog
  2126 | Lair:3   | Reached *** piety under Okawaru
  2129 | Lair:3   | Reached XP level 10. HP: 42/49 MP: 13/13
  2230 | Lair:3   | Reached skill level 12 in Unarmed Combat
  2294 | Lair:3   | Identified the Guide on Ensnaring Unholy Secrets
  2303 | Lair:3   | Reached **** piety under Okawaru
  2419 | Lair:3   | Reached skill level 5 in Shields
  2538 | Lair:4   | Reached skill level 5 in Fighting
  2538 | Lair:4   | Reached XP level 11. HP: 47/55 MP: 15/15
  2549 | Lair:4   | Reached ***** piety under Okawaru
  2554 | Lair:4   | Noticed a black mamba
  2564 | Lair:4   | Killed a black mamba
  2574 | Lair:4   | Noticed a five-headed hydra
  2594 | Lair:4   | Killed a five-headed hydra
  2827 | Lair:4   | Found a staircase to the Shoals.
  2850 | Lair:4   | Reached skill level 5 in Armour
  2930 | Lair:4   | Reached skill level 13 in Unarmed Combat
  2995 | Lair:4   | Received a gift from Okawaru
  3487 | Lair:6   | Noticed Snorg
  3499 | Lair:6   | Killed Snorg
  3499 | Lair:6   | Reached skill level 5 in Dodging
  3499 | Lair:6   | Gained mutation: You regenerate. [Vine Stalker growth]
  3499 | Lair:6   | Reached XP level 12. HP: 51/61 MP: 13/16
  3502 | Lair:6   | Received a gift from Okawaru
  3638 | Lair:6   | Received a gift from Okawaru
  3656 | Lair:6   | Identified a +2 pair of boots of running (Okawaru gifted it to you on level 6 of the Lair of Beasts)
  3754 | Lair:6   | Found a staircase to the Slime Pits.
  3767 | Lair:6   | Found a viscous altar of Jiyva.
  3809 | Lair:6   | Found a hole to the Spider Nest.
  3891 | Lair:6   | Got a jewelled plate armour
  3903 | Lair:6   | Identified the cursed +0 plate armour "Paerrym" {Str-5 Dex+6 SInv} (You found it on level 6 of the Lair of Beasts)
  3984 | Lair:6   | Reached skill level 14 in Unarmed Combat
  4237 | Lair:8   | Entered Level 8 of the Lair of Beasts
  4298 | Lair:8   | Noticed a catoblepas
  4310 | Lair:8   | Killed a catoblepas
  4338 | Lair:8   | Noticed a death yak
  4338 | Lair:8   | Noticed a death yak
  4339 | Lair:8   | Noticed a catoblepas
  4353 | Lair:8   | Killed a death yak
  4359 | Lair:8   | Killed a death yak
  4359 | Lair:8   | Reached XP level 13. HP: 51/67 MP: 17/17
  4403 | Lair:8   | Killed a catoblepas
  4403 | Lair:8   | Received a gift from Okawaru
  4418 | Lair:8   | Noticed a death yak
  4418 | Lair:8   | Noticed a death yak
  4419 | Lair:8   | Noticed a death yak
  4419 | Lair:8   | Noticed a death yak
  4419 | Lair:8   | Noticed a death yak
  4436 | Lair:8   | Killed a death yak
  4443 | Lair:8   | Killed a death yak
  4450 | Lair:8   | Killed a death yak
  4454 | Lair:8   | Noticed a death yak
  4454 | Lair:8   | Killed a death yak
  4456 | Lair:8   | Noticed a death yak
  4458 | Lair:8   | Killed a death yak
  4464 | Lair:8   | Killed a death yak
  4472 | Lair:8   | Killed a death yak
  4472 | Lair:8   | Reached ****** piety under Okawaru
  4510 | Lair:8   | Noticed a death yak
  4510 | Lair:8   | Noticed a death yak
  4520 | Lair:8   | Killed a death yak
  4526 | Lair:8   | Killed a death yak
  4539 | Lair:8   | Noticed a catoblepas
  4556 | Lair:8   | Killed a catoblepas
  4722 | Lair:8   | Reached skill level 15 in Unarmed Combat
  4794 | Lair:8   | Found a bloodstained altar of Trog.
  4800 | Lair:8   | Received a gift from Okawaru
  5190 | D:9      | Found a staircase to the Orcish Mines.
  5199 | Orc:1    | Entered Level 1 of the Orcish Mines
  5451 | Orc:2    | Found Wilen's Antique Weapon Boutique.
  5532 | Orc:4    | Entered Level 4 of the Orcish Mines
  5532 | Orc:4    | Found a staircase to the Elven Halls.
  5603 | Orc:4    | Found Mudout's Food Shop.
  5635 | Orc:4    | Found Ecafeyci's Distillery.
  5758 | Orc:4    | Reached XP level 14. HP: 53/73 MP: 18/18
  5878 | Orc:4    | Received a gift from Okawaru
  5916 | Orc:4    | Found Ythi Ryc's Gadget Shoppe.
  5916 | Orc:4    | Found Yfizususs's Antique Weapon Emporium.
  5916 | Orc:4    | Found a one-way gate leading to the halls of Pandemonium.
  5922 | Orc:4    | Bought a wand of digging (15) for 380 gold pieces
  5951 | Orc:4    | Bought a potion of curing for 36 gold pieces
  5951 | Orc:4    | Bought a potion of resistance for 120 gold pieces
  5951 | Orc:4    | Bought a potion of curing for 36 gold pieces
  5951 | Orc:4    | Bought a potion of curing for 36 gold pieces
  5951 | Orc:4    | Bought a potion of curing for 36 gold pieces
  5951 | Orc:4    | Bought a potion of curing for 36 gold pieces
  6089 | Orc:1    | Found Pon Lek's General Store.
  6129 | Orc:1    | Bought a wand of disintegration (12) for 240 gold pieces
  6129 | Orc:1    | Bought a scroll of teleportation for 45 gold pieces
  6129 | Orc:1    | Bought a scroll of identify for 30 gold pieces
  6385 | Lair:4   | Reached skill level 16 in Unarmed Combat
  6403 | Shoals:1 | Entered Level 1 of the Shoals
  6546 | Shoals:2 | Noticed Nikola
  6569 | Shoals:2 | Noticed Polyphemus
  6575 | Shoals:2 | Killed Nikola
  6678 | Shoals:2 | Killed Polyphemus
  6678 | Shoals:2 | Received a gift from Okawaru
  6835 | Shoals:3 | Reached XP level 15. HP: 45/79 MP: 15/19
  6885 | Shoals:3 | Found Tefot's Food Shop.
  6944 | Shoals:4 | Entered Level 4 of the Shoals
  6944 | Shoals:4 | Found Vojopsof's Antique Weapon Boutique.
  7123 | Shoals:4 | Got a barnacled rune of Zot
  7153 | Shoals:4 | Reached skill level 10 in Shields
  7301 | Slime:1  | Entered Level 1 of the Pits of Slime
  7417 | Slime:2  | Noticed an acid blob
  7425 | Slime:2  | Noticed an acid blob
  7426 | Slime:2  | Killed an acid blob
  7426 | Slime:2  | Received a gift from Okawaru
  7426 | Slime:2  | Reached skill level 17 in Unarmed Combat
  7476 | Slime:2  | Killed an acid blob
  7513 | Slime:3  | Noticed an azure jelly
  7523 | Slime:3  | Noticed an acid blob
  7526 | Slime:3  | Killed an azure jelly
  7526 | Slime:3  | Received a gift from Okawaru
  7533 | Slime:3  | Killed an acid blob
  7635 | Slime:5  | Noticed an acid blob
  7648 | Slime:5  | Killed an acid blob
  7654 | Slime:5  | Reached skill level 10 in Fighting
  7679 | Slime:6  | Entered Level 6 of the Pits of Slime
  7707 | Slime:6  | Noticed an acid blob
  7710 | Slime:6  | Killed an acid blob
  7718 | Slime:6  | Noticed the royal jelly
  7733 | Slime:6  | Reached XP level 16. HP: 78/85 MP: 20/20
  7738 | Slime:6  | Noticed an acid blob
  7746 | Slime:6  | Killed the royal jelly
  7746 | Slime:6  | Noticed an azure jelly
  7748 | Slime:6  | Noticed an acid blob
  7780 | Slime:6  | Killed an acid blob
  7787 | Slime:6  | Killed an azure jelly
  7810 | Slime:6  | Received a gift from Okawaru
  7820 | Slime:6  | Killed an acid blob
  7840 | Slime:6  | Identified a scroll of acquirement
  7841 | Slime:6  | Got a brightly glowing hat
  7854 | Slime:6  | Identified the +0 hat of the Farrier {rN++ Int-3} (You acquired it on level 6 of the Pits of Slime)
  7901 | Slime:6  | Got a faintly humming ring mail
  7914 | Slime:6  | Identified the +1 ring mail "Danamourpho" {rF+ MR+ Int+5 SInv} (You found it on level 6 of the Pits of Slime)
  7945 | Slime:6  | Noticed an acid blob
  7960 | Slime:6  | Killed an acid blob
  7963 | Slime:6  | Got a warped platinum ring
  7968 | Slime:6  | Got a crude jade ring
  7975 | Slime:6  | Noticed an acid blob
  7989 | Slime:6  | Killed an acid blob
  8004 | Slime:6  | Identified the ring of Xynotokh {rElec Str+2 Dex+5} (You found it on level 6 of the Pits of Slime)
  8006 | Slime:6  | Identified the ring "Suwkeck" {+/*Tele Int+4} (You found it on level 6 of the Pits of Slime)
  8011 | Slime:6  | Noticed an azure jelly
  8021 | Slime:6  | Noticed an acid blob
  8022 | Slime:6  | Killed an azure jelly
  8044 | Slime:6  | Killed an acid blob
  8044 | Slime:6  | Reached skill level 18 in Unarmed Combat
  8069 | Slime:6  | Noticed an acid blob
  8093 | Slime:6  | Killed an acid blob
  8121 | Slime:6  | Got a glittering crystal amulet
  8122 | Slime:6  | Identified the amulet of Idogg {Faith Str+4} (You found it on level 6 of the Pits of Slime)
  8153 | Slime:6  | Noticed an acid blob
  8167 | Slime:6  | Got a steaming golden ring
  8172 | Slime:6  | Got a slimy rune of Zot
  8177 | Slime:6  | Killed an acid blob
  8177 | Slime:6  | Reached skill level 10 in Armour
  8184 | Slime:6  | Identified the cursed ring of Qidyd {+Blink Dex-2} (You found it on level 6 of the Pits of Slime)
  8193 | Slime:6  | Learned a level 5 spell: Blade Hands
  8199 | Slime:6  | Learned a level 5 spell: Silence
  8311 | Spider:1 | Entered Level 1 of the Spider Nest
  8503 | Spider:3 | Received a gift from Okawaru
  8522 | Spider:4 | Entered Level 4 of the Spider Nest
  8543 | Spider:4 | Reached skill level 10 in Dodging
  8895 | Spider:4 | Reached XP level 17. HP: 91/91 MP: 21/21
  9284 | Spider:4 | Got a gossamer rune of Zot
  9374 | Spider:4 | Received a gift from Okawaru
  9767 | D:10     | Entered Level 10 of the Dungeon
 10080 | D:13     | Noticed Maud
 10092 | D:13     | Killed Maud
 10121 | D:13     | Noticed Azrael
 10138 | D:13     | Killed Azrael
 10242 | D:14     | Found a shadowy altar of Dithmenos.
 10289 | D:14     | Reached skill level 19 in Unarmed Combat
 10640 | D:13     | Found a gate to the Vaults.
 10656 | Vaults:1 | Entered Level 1 of the Vaults
 10787 | Vaults:2 | Received a gift from Okawaru
 10792 | Vaults:2 | Reached XP level 18. HP: 91/97 MP: 22/22
 11248 | Vaults:4 | Paralysed by a wizard for 5 turns
 11543 | Vaults:4 | Received a gift from Okawaru
 11701 | Vaults:4 | Reached skill level 20 in Unarmed Combat
 11715 | Vaults:4 | Received a gift from Okawaru
 11865 | Vaults:4 | Reached XP level 19. HP: 102/102 MP: 23/23
 11976 | Vaults:5 | Entered Level 5 of the Vaults
 11994 | Vaults:5 | Received a gift from Okawaru
 12348 | Vaults:5 | Received a gift from Okawaru
 12428 | Vaults:5 | Reached skill level 21 in Unarmed Combat
 12587 | Vaults:5 | Reached XP level 20. HP: 109/109 MP: 24/24
 12663 | Vaults:5 | Received a gift from Okawaru
 12721 | Vaults:5 | Identified Iskenderun's Compendium of Poisonous Confrontation (You found it on level 5 of the Vaults)
 12725 | Vaults:5 | Got a slimy plate armour
 12736 | Vaults:5 | Identified the +5 plate armour of Shadows and Fog {Stlth+} (You found it on level 5 of the Vaults)
 12792 | Vaults:5 | Reached skill level 1 in Stealth
 12826 | Vaults:5 | Learned a level 6 spell: Deflect Missiles
 12833 | Vaults:5 | Got a silver rune of Zot
 12931 | Vaults:5 | Noticed a golden dragon
 12943 | Vaults:5 | Killed a golden dragon
 13430 | Vaults:3 | Reached skill level 5 in Stealth
 13445 | Vaults:3 | Received a gift from Okawaru
 13556 | Vaults:3 | Gained mutation: You are resistant to hostile enchantments. [potion of beneficial mutation]
 13804 | Vaults:1 | Reached skill level 1 in Evocations
 13889 | Vaults:1 | Reached XP level 21. HP: 105/114 MP: 25/25
 14037 | D:15     | Entered Level 15 of the Dungeon
 14123 | D:15     | Received a gift from Okawaru
 14206 | D:15     | Reached skill level 1 in Transmutations
 14213 | D:15     | Found a staircase to the Depths.
 14221 | Depths:1 | Entered Level 1 of the Depths
 14230 | D:15     | Reached skill level 1 in Spellcasting
 14365 | Depths:1 | Learned a level 5 spell: Phase Shift
 14475 | Depths:1 | Reached skill level 22 in Unarmed Combat
 14502 | Depths:2 | Found a gateway to a ziggurat.
 14514 | Depths:2 | Upgraded the game from 0.17.0-18-gaab0e96 to 0.17.0-22-g5edae84
 14518 | Zig:1    | Entered Level 1 of a ziggurat
 14525 | Zig:1    | Reached skill level 1 in Translocations
 14539 | Zig:2    | Entered Level 2 of a ziggurat
 14570 | Zig:3    | Entered Level 3 of a ziggurat
 14601 | Zig:3    | Got a twisted ring mail
 14612 | Zig:3    | Identified the cursed +0 ring mail "Epsasso" {rC+ Int+4} (You found it on level 3 of a ziggurat)
 14626 | Zig:4    | Entered Level 4 of a ziggurat
 14661 | Zig:4    | Gained mutation: You have a somewhat thin skeletal structure (Dex +2, Stealth). [potion of beneficial mutation]
 14702 | Zig:5    | Entered Level 5 of a ziggurat
 14764 | Zig:5    | Got a smoking plate armour
 14775 | Zig:5    | Identified the +10 plate armour "Duideimm" {rPois Dex+4} (You found it on level 5 of a ziggurat)
 14786 | Zig:5    | Identified the Handbook of Air and Confrontation
 14792 | Zig:5    | Got a heavily runed scale mail
 14803 | Zig:5    | Identified the +5 scale mail "Yfoi" {-Tele rCorr Str+6} (You found it on level 5 of a ziggurat)
 14817 | Zig:6    | Entered Level 6 of a ziggurat
 14862 | Zig:6    | Reached skill level 5 in Evocations
 14862 | Zig:6    | Reached XP level 22. HP: 40/120 MP: 27/27
 14921 | Zig:7    | Entered Level 7 of a ziggurat
 14993 | Zig:7    | Learned a level 1 spell: Apportation
 15030 | Zig:8    | Entered Level 8 of a ziggurat
 15071 | Zig:8    | HP: 4/120 [spectral juggernaut[a ghost crab] (49)]
 15090 | Zig:8    | Got a bound pewter ring
 15091 | Zig:8    | Identified the ring "Obilui" {rF+ rC+ MR+ Int-5 Dex+5} (You found it on level 8 of a ziggurat)
 15163 | Depths:2 | Found a gateway to Hell.
 15224 | Depths:2 | Received a gift from Okawaru
 15234 | Depths:2 | Got a garnet-encrusted scale mail {god gift}
 15245 | Depths:2 | Identified the +5 scale mail "Umohi" {*Contam rElec rPois Dex+3} (Okawaru gifted it to you on level 2 of the Depths)
 15254 | Depths:2 | Gained mutation: Your body sometimes deteriorates upon taking damage. [mutagenic glow]
 15326 | Depths:2 | Noticed a caustic shrike
 15331 | Depths:2 | Noticed a caustic shrike
 15342 | Depths:2 | Killed a caustic shrike
 15397 | Depths:2 | Reached XP level 23. HP: 114/125 MP: 30/30
 15427 | Depths:2 | You fall through a shaft!
 15456 | Pan      | Entered Pandemonium
 15657 | Pan      | Noticed Ese Osiq the pandemonium lord
 15667 | Pan      | Killed Ese Osiq the pandemonium lord
 15667 | Pan      | Reached skill level 1 in Charms
 15667 | Pan      | Reached skill level 1 in Air Magic
 15723 | Pan      | Noticed Honiqixa the pandemonium lord
 15746 | Pan      | Killed Honiqixa the pandemonium lord
 15762 | Pan      | Reached skill level 5 in Spellcasting
 15866 | Pan      | Reached skill level 5 in Translocations
 16013 | Pan      | Received a gift from Okawaru
 16067 | Pan      | Noticed Pulit the pandemonium lord
 16083 | Pan      | Killed Pulit the pandemonium lord
 16083 | Pan      | Reached skill level 1 in Hexes
 16133 | Pan      | Entered the realm of Cerebov.
 16342 | Pan      | Received a gift from Okawaru
 16430 | Pan      | Noticed Cerebov
 16491 | Pan      | Reached XP level 24. HP: 59/130 MP: 33/33
 16505 | Pan      | Killed Cerebov
 16505 | Pan      | Reached skill level 15 in Fighting
 16536 | Pan      | Got a fiery rune of Zot
 16586 | Pan      | Got a coiled iron ring
 16587 | Pan      | Identified the cursed ring of Lefebryu {rF+ Int-2 Dex+4} (You found it in Pandemonium)
 16607 | Pan      | Got a scorched shield
 16618 | Pan      | Identified the +6 shield of Vlad {Int+2 Dex+4} (You found it in Pandemonium)
 16633 | Pan      | Identified Voehizxe's Almanac of the Freezing Entourage
 16640 | Pan      | Learned a level 2 spell: Repel Missiles
 16643 | Pan      | Learned a level 2 spell: Slow
 16646 | Pan      | Learned a level 2 spell: Blink
 16651 | Pan      | Learned a level 4 spell: Passage of Golubria
 16671 | Pan      | Got an ichor-stained scale mail
 16682 | Pan      | Identified the +3 scale mail of the Hot Ocelot {rF+ Regen+ MP+9 Stlth-} (You found it in Pandemonium)
 16694 | Pan      | Got a sparkling amethyst amulet
 16695 | Pan      | Identified the amulet "Datt" {Spirit +Blink rElec MR- Dex+6} (You found it in Pandemonium)
 16698 | Pan      | Identified the Disquisition on Snow
 16746 | Pan      | Received a gift from Okawaru
 16871 | Pan      | Gained mutation: You are clumsy. (Dex -2) [a cacodemon]
 16906 | Pan      | Gained mutation: You tend to lose your temper in combat. [a neqoxec]
 16982 | Pan      | Identified Beloid's Reference Book on the Blaze
 17001 | Pan      | Gained mutation: You occasionally shout uncontrollably at your foes. [a neqoxec]
 17003 | Pan      | Gained mutation: Your body often deteriorates upon taking damage. [a neqoxec]
 17074 | Pan      | Noticed Tihoost the pandemonium lord
 17095 | Pan      | Killed Tihoost the pandemonium lord
 17096 | Pan      | Gained mutation: You often lose your temper in combat. [a neqoxec]
 17113 | Pan      | Got a demonic rune of Zot
 17115 | Pan      | Lost mutation: You often lose your temper in combat. [potion of cure mutation]
 17115 | Pan      | Lost mutation: You tend to lose your temper in combat. [potion of cure mutation]
 17115 | Pan      | Lost mutation: You occasionally shout uncontrollably at your foes. [potion of cure mutation]
 17301 | Pan      | Found an exit through the horrors of the Abyss.
 17370 | Pan      | Reached skill level 5 in Air Magic
 17742 | Pan      | Received a gift from Okawaru
 17924 | Pan      | Found an exit through the horrors of the Abyss.
 18120 | Pan      | Found an exit through the horrors of the Abyss.
 18141 | Pan      | Reached skill level 5 in Hexes
 18194 | Pan      | Reached skill level 10 in Evocations
 18299 | Pan      | Entered the realm of Mnoleg.
 18505 | Pan      | Noticed Mnoleg
 18528 | Pan      | Reached XP level 25. HP: 92/136 MP: 35/35
 18575 | Pan      | Killed Mnoleg
 18575 | Pan      | Received a gift from Okawaru
 18608 | Pan      | Got a glowing rune of Zot
 18742 | Pan      | Found an exit through the horrors of the Abyss.
 18961 | Pan      | Noticed Kucet the pandemonium lord
 18973 | Pan      | Killed Kucet the pandemonium lord
 18973 | Pan      | Received a gift from Okawaru
 19090 | Pan      | Found an exit through the horrors of the Abyss.
 19252 | Pan      | Received a gift from Okawaru
 19261 | Pan      | Noticed Ytixufoc the pandemonium lord
 19274 | Pan      | Killed Ytixufoc the pandemonium lord
 19401 | Pan      | Received a gift from Okawaru
 19448 | Pan      | Noticed Gugraoph the pandemonium lord
 19458 | Pan      | Killed Gugraoph the pandemonium lord
 19471 | Pan      | Found an exit through the horrors of the Abyss.
 19973 | Pan      | Found a huge runed gate.
 19986 | Pan      | Noticed Tima Niw the pandemonium lord
 20054 | Pan      | Noticed Mennas
 20089 | Pan      | Killed Mennas
 20089 | Pan      | Reached XP level 26. HP: 84/142 MP: 35/36
 20117 | Pan      | Found an exit through the horrors of the Abyss.
 20479 | Pan      | Noticed Silerez the pandemonium lord
 20561 | Pan      | Received a gift from Okawaru
 20619 | Pan      | Killed Silerez the pandemonium lord
 20734 | Pan      | Entered the realm of Lom Lobon.
 20911 | Pan      | Found an exit through the horrors of the Abyss.
 20926 | Pan      | Noticed Lom Lobon
 20945 | Pan      | Killed Lom Lobon
 20965 | Pan      | Got a magical rune of Zot
 21158 | Pan      | Found an exit through the horrors of the Abyss.
 21196 | Pan      | Reached skill level 15 in Dodging
 21215 | Pan      | Noticed Qouthre the pandemonium lord
 21276 | Pan      | Received a gift from Okawaru
 21325 | Pan      | Found an exit through the horrors of the Abyss.
 21429 | Pan      | Noticed Taqoirpholi the pandemonium lord
 21467 | Pan      | Killed Taqoirpholi the pandemonium lord
 21707 | Pan      | Received a gift from Okawaru
 21763 | Pan      | Noticed Ucawnarch the pandemonium lord
 21779 | Pan      | Killed Ucawnarch the pandemonium lord
 21909 | Pan      | Quit the game

Action                   |  1- 3 |  4- 6 |  7- 9 | 10-12 | 13-15 | 16-18 | 19-21 | 22-24 | 25-27 || total
-------------------------+-------+-------+-------+-------+-------+-------+-------+-------+-------++-------
Melee: Unarmed           |   105 |    93 |   203 |   650 |  1185 |  1237 |  1112 |  1102 |  1003 ||  6690
 Fire: Blowgun           |       |       |       |       |       |    23 |       |       |       ||    23
Throw: Throwing net      |       |       |       |       |       |       |       |       |     1 ||     1
 Cast: Apportation       |       |       |       |       |       |       |       |     1 |       ||     1
       Repel Missiles    |       |       |       |       |       |       |       |     3 |     3 ||     6
Invok: Heroism           |       |       |     5 |    15 |    24 |    30 |    23 |    34 |    19 ||   150
       Finesse           |       |       |       |     1 |     2 |     3 |     1 |     7 |     8 ||    22
 Abil: Evoke Berserk Rag |       |       |     1 |       |       |       |       |       |       ||     1
       Evoke Teleportati |       |       |       |       |       |       |     1 |       |     1 ||     2
Evoke: Wand              |       |       |       |       |       |     5 |       |     2 |     2 ||     9
  Use: Potion            |       |     2 |     2 |       |     3 |     2 |     5 |     2 |       ||    16
       Scroll            |       |     3 |     5 |    16 |     6 |     8 |     6 |    15 |    10 ||    69
 Stab: Distracted        |       |       |       |       |       |       |     1 |     9 |     7 ||    17
       Sleeping          |       |       |       |       |       |       |       |     2 |     1 ||     3
       Held in net/web   |       |       |       |       |       |       |       |       |     2 ||     2
  Eat: Chunk             |       |       |     2 |    12 |    15 |     8 |     9 |       |     1 ||    47
       Bread ration      |       |       |     1 |       |     1 |     1 |     1 |     5 |     4 ||    13
       Beef jerky        |       |       |       |       |     1 |     4 |     1 |     1 |       ||     7
       Royal jelly       |       |       |       |       |       |       |     1 |       |       ||     1
